[Event "Titled Tuesday Blitz October 11 Late 2022"]
[White "Gubajdullin, Alexei"]
[Black "Evdokimov, Alexey"]
[WhiteFideId "4141202"]
[BlackFideId "24162450"]
[WhiteElo "2200"]
[BlackElo "2154"]
[Result "1-0"]
[Round "05"]
[TimeControl "180+1"]
[Date "2022.10.12"]
[WhiteClock "0:01:01"]
[BlackClock "0:00:01"]

1. d4 Nf6 2. Nf3 g6 3. Bf4 Bg7 4. e3 O-O 5. Be2 d6 6. O-O c5 7. c3 Nc6 8. Nbd2 cxd4 9. exd4 Nd5 10. Bg3 e5 11. Nc4 Nf4 12. dxe5 dxe5 13. Bxf4 exf4 14. Nd6 Qc7 15. Nxc8 Raxc8 16. Qa4 a6 17. Rfe1 Rcd8 18. Bf1 Qb6 19. Qb3 Qxb3 20. axb3 Rfe8 21. b4 Ne5 22. Ng5 h6 23. Ne4 Nd7 24. Nd6 Rxe1 25. Rxe1 Rb8 26. Bc4 Ne5 27. Bb3 Kf8 28. Kf1 g5 29. Nf5 Nc6 30. h4 Rd8 31. h5 Rd2 32. Re2 Rxe2 33. Kxe2 Ne5 34. Nd6 b6 35. Nc8 a5 36. Nxb6 axb4 37. cxb4 g4 38. Bd5 f3+ 39. gxf3 gxf3+ 40. Bxf3 Ke7 41. b3 Kd6 42. Be4 Nd7 43. Nc4+ Kc7 44. b5 Ne5 45. b6+ Kb8 46. Na5 Nd7 47. b7 1-0


[Site "https://www.chess.com"]

[Event "Titled Tuesday Blitz October 11 Late 2022"]
[White "Hajiyev, Kanan"]
[Black "Jensen, Matthew R"]
[WhiteFideId "13404148"]
[BlackFideId "2018110"]
[WhiteElo "2118"]
[BlackElo "2308"]
[Result "1-0"]
[Round "05"]
[TimeControl "180+1"]
[Date "2022.10.12"]
[WhiteClock "0:00:07"]
[BlackClock "0:00:19"]

1. d4 d5 2. Nf3 e6 3. c4 c6 4. cxd5 exd5 5. Nc3 Bf5 6. Bf4 Qb6 7. Qd2 Nf6 8. e3 Bb4 9. Bd3 Ne4 10. Qc2 Nd7 11. O-O Ndf6 12. Ne5 g5 13. Bxg5 Nxg5 14. Bxf5 Rg8 15. f4 Ne6 16. Bxh7 Rg7 17. Bf5 Ke7 18. a3 Bd6 19. b4 Rh8 20. Na4 Qd8 21. Nc5 Rh5 22. Nxb7 Qh8 23. Nxc6+ Kf8 24. h3 Rxh3 25. Bxh3 Qxh3 26. Nxd6 Ne4 27. Nxe4 Qg4 28. Nf6 Qh4 29. Nxd5 Rh7 30. Nce7 Qh2+ 31. Kf2 Qh4+ 32. Ke2 Qg4+ 33. Kd3 Rh2 34. Rf2 Qg7 35. Raf1 Qh7+ 36. Kd2 Qg7 37. Qd3 Qf6 38. g4 Qh4 39. Rxh2 Qxh2+ 40. Qe2 Qh4 41. Rf2 Qh7 42. Nf5 Qg6 43. Qc4 Kg8 44. Qc8+ Kh7 45. Qd7 Ng7 46. Rh2+ Kg8 47. Nde7+ 1-0


[Site "https://www.chess.com"]

[Event "Titled Tuesday Blitz October 11 Late 2022"]
[White "Hansen, Eric"]
[Black "Jobava, Baadur"]
[WhiteFideId "2606771"]
[BlackFideId "13601520"]
[WhiteElo "2568"]
[BlackElo "2582"]
[Result "1-0"]
[Round "05"]
[TimeControl "180+1"]
[Date "2022.10.11"]
[WhiteClock "0:00:22"]
[BlackClock "0:00:13"]

1. e4 c6 2. Nc3 d5 3. Nf3 Bg4 4. h3 Bxf3 5. Qxf3 e6 6. d3 Nd7 7. g3 Qf6 8. Bg2 Qxf3 9. Bxf3 g6 10. a3 Bg7 11. Bd2 h5 12. Bg2 Ne7 13. O-O-O O-O-O 14. Kb1 Rde8 15. h4 Ne5 16. f3 Nd7 17. Ne2 Rd8 18. Bg5 Bf6 19. Be3 Rhe8 20. d4 Bg7 21. e5 c5 22. c3 Kb8 23. g4 hxg4 24. fxg4 Rh8 25. Rdf1 cxd4 26. cxd4 Rdf8 27. Bd2 Nc6 28. h5 gxh5 29. Rxh5 Nd8 30. Bb4 Rxh5 31. gxh5 Rh8 32. Be7 Bh6 33. Bh3 Nc6 34. Bd6+ Kc8 35. Rxf7 Nd8 36. Rf3 Bd2 37. Kc2 Ba5 38. b4 Bc7 39. Rc3 Nc6 40. b5 Bxd6 41. bxc6 Nxe5 42. Bxe6+ Kb8 43. dxe5 Bxe5 44. Rb3 b6 45. Rh3 Kc7 46. Bxd5 Kd6 47. Bf3 1-0


[Site "https://www.chess.com"]

[Event "Titled Tuesday Blitz October 11 Late 2022"]
[White "Hnydiuk, Aleksander"]
[Black "Jean Louis, Marckens"]
[WhiteFideId "1109057"]
[BlackFideId "11900270"]
[WhiteElo "2374"]
[BlackElo "2030"]
[Result "1-0"]
[Round "05"]
[TimeControl "180+1"]
[Date "2022.10.12"]
[WhiteClock "0:00:59"]
[BlackClock "0:00:16"]

1. c4 Nf6 2. Nc3 e6 3. Nf3 d5 4. e3 Be7 5. b3 O-O 6. Bb2 c6 7. Qc2 dxc4 8. bxc4 c5 9. g4 b6 10. g5 Nh5 11. Bd3 Bb7 12. Bxh7+ Kh8 13. Be4 Nc6 14. a3 Qc7 15. O-O-O Na5 16. d3 Bxe4 17. Nxe4 b5 18. Ne5 Kg8 19. Qe2 g6 20. cxb5 a6 21. b6 Qxb6 22. Nd7 Qb3 23. Nxf8 Rxf8 24. Qc2 Qb5 25. Qc3 f6 26. gxf6 Nxf6 27. Rhg1 Kh7 28. Ng5+ Kh6 29. Nxe6 Rb8 30. Rg3 Nh5 31. Rdg1 Rg8 32. Rxg6+ Rxg6 33. Qh8# 1-0


[Site "https://www.chess.com"]

[Event "Titled Tuesday Blitz October 11 Late 2022"]
[White "Hoffmann, Asa"]
[Black "Floresvillar Gonzalez, Luis Migu"]
[WhiteFideId "2001470"]
[BlackFideId "5100542"]
[WhiteElo "2117"]
[BlackElo "2040"]
[Result "1-0"]
[Round "05"]
[TimeControl "180+1"]
[Date "2022.10.12"]
[WhiteClock "0:00:14"]
[BlackClock "0:00:12"]

1. d4 c6 2. Bg5 Qa5+ 3. Bd2 Qb6 4. Bc3 d5 5. Nd2 Bf5 6. f3 Nf6 7. g4 Bg6 8. h4 h6 9. Nh3 e6 10. Nf4 Bh7 11. e3 Bd6 12. Nd3 Nbd7 13. f4 Bxd3 14. Bxd3 O-O-O 15. Qf3 Kb8 16. O-O-O Bb4 17. Bxb4 Qxb4 18. g5 hxg5 19. hxg5 Ne4 20. Nxe4 dxe4 21. Bxe4 Nb6 22. Kb1 Nc4 23. b3 Rxh1 24. Qxh1 Nxe3 25. Rd3 Nd5 26. Bxd5 cxd5 27. Kb2 g6 28. c3 Qd6 29. Rf3 a6 30. Qh7 Rd7 31. Qg7 Ka7 32. Qe5 Qc6 33. Rh3 Rd8 34. Rh7 Rc8 35. Rh3 Qb5 36. a4 Qf1 37. Re3 Qf2+ 38. Re2 Qf1 39. Qe3 Qd1 40. Qd2 Qf1 41. Rf2 Qg1 42. Qe2 Qh1 43. c4 dxc4 44. bxc4 Qc6 45. Kc3 Qxa4 46. Rf1 Qa3+ 47. Kd2 Qb2+ 48. Ke3 Qxe2+ 49. Kxe2 Rxc4 50. Kd3 b5 51. Rh1 Rc1 52. Rxc1 Kb6 53. d5 exd5 54. Kd4 a5 55. Kxd5 a4 56. Rc6+ Ka5 57. Kc5 a3 58. Rc8 Ka4 59. Ra8+ Kb3 60. Rxa3+ Kxa3 61. Kxb5 Kb3 62. Kc5 Kc3 63. Kd6 Kd4 64. Ke7 Ke4 65. Kxf7 Kf5 66. Kg7 Kxf4 67. Kxg6 Ke5 68. Kf7 Kf5 69. g6 Kg5 70. g7 Kh6 71. g8=Q 1-0


[Site "https://www.chess.com"]

[Event "Titled Tuesday Blitz October 11 Late 2022"]
[White "Ibadov, Dashgyn"]
[Black "Predke, Alexandr"]
[WhiteFideId "24107514"]
[BlackFideId "24107581"]
[WhiteElo "2208"]
[BlackElo "2614"]
[Result "0-1"]
[Round "05"]
[TimeControl "180+1"]
[Date "2022.10.12"]
[WhiteClock "0:00:02"]
[BlackClock "0:00:39"]

1. e4 c5 2. Nf3 e6 3. d4 cxd4 4. Nxd4 Nc6 5. Nc3 Qc7 6. Be3 a6 7. Qf3 h5 8. O-O-O Ne5 9. Qh3 Ng4 10. Be2 N8f6 11. Bxg4 Nxg4 12. f4 Bb4 13. Bg1 Qxf4+ 14. Kb1 b5 15. Qd3 Qc7 16. h3 Ne5 17. Qg3 Bxc3 18. Qxg7 Rf8 19. bxc3 Nc4 20. Nb3 d6 21. g4 hxg4 22. hxg4 Bb7 23. Rh8 Qe7 24. Rxf8+ Qxf8 25. Qh7 O-O-O 26. g5 Qg8 27. Qh4 Qg6 28. Rd4 e5 29. Rd1 Bxe4 30. Qf2 Bxc2+ 31. Ka1 Bxd1 32. Qa7 Qd3 33. Qxa6+ Kd7 34. Qxb5+ Ke7 0-1


[Site "https://www.chess.com"]

[Event "Titled Tuesday Blitz October 11 Late 2022"]
[White "Ibarra Jerez, Jose Carlos"]
[Black "Vrbljanac, Aleksandar"]
[WhiteFideId "2226332"]
[BlackFideId "932817"]
[WhiteElo "2627"]
[BlackElo "2309"]
[Result "1-0"]
[Round "05"]
[TimeControl "180+1"]
[Date "2022.10.11"]
[WhiteClock "0:00:21"]
[BlackClock "0:00:01"]

1. e4 e5 2. Nf3 Nc6 3. d4 exd4 4. Nxd4 Nf6 5. Nxc6 bxc6 6. e5 Qe7 7. Qe2 Nd5 8. Nd2 g6 9. c4 Ba6 10. Nf3 Bg7 11. Bg5 Qb4+ 12. Qd2 Qxd2+ 13. Bxd2 Nb6 14. b3 O-O 15. O-O-O Rfe8 16. Bf4 Bb7 17. e6 fxe6 18. Bxc7 d5 19. Be5 Nd7 20. Bxg7 Kxg7 21. cxd5 cxd5 22. Bb5 Rac8+ 23. Kb2 Bc6 24. Nd4 Bxb5 25. Nxb5 Rc5 26. Nd6 Rf8 27. Rd2 a6 28. Re1 e5 29. Ne4 Ra5 30. Rc1 Nf6 31. Nc5 Kf7 32. Nb7 Rb5 33. Nd6+ Ke6 34. Nxb5 axb5 35. Rc6+ Kd7 36. Rb6 d4 37. f3 Nd5 38. Rxb5 Ke6 39. Rc2 Nc3 40. Rxc3 dxc3+ 41. Kxc3 Rc8+ 42. Kd3 Rd8+ 43. Ke3 Rc8 44. Kd3 Rd8+ 45. Ke4 Rd4+ 46. Ke3 Rd6 47. a4 Rc6 48. a5 Rc3+ 49. Ke4 Rc8 50. Rxe5+ Kd6 51. Rd5+ Kc6 52. Re5 Rb8 53. Re7 Rb4+ 54. Ke5 Rxb3 55. Rxh7 Rb5+ 56. Kf6 Rxa5 57. Kxg6 Ra2 58. g3 Kd5 59. f4 Ke4 60. f5 Ra6+ 61. f6 Kf3 62. Kg7 Kg4 63. f7 Ra7 64. Kg8 Kg5 65. f8=Q 1-0


[Site "https://www.chess.com"]

[Event "Titled Tuesday Blitz October 11 Late 2022"]
[White "Iliaguev, Nisim"]
[Black "Winterberg, Lukas"]
[WhiteFideId "2817276"]
[BlackFideId "24622702"]
[WhiteElo "2264"]
[BlackElo "2349"]
[Result "1-0"]
[Round "05"]
[TimeControl "180+1"]
[Date "2022.10.12"]
[WhiteClock "0:00:51"]
[BlackClock "0:00:01"]

1. d4 Nf6 2. g3 d5 3. Bg2 e6 4. Nf3 Be7 5. O-O O-O 6. c4 dxc4 7. Ne5 c5 8. dxc5 Qc7 9. Nxc4 Rd8 10. Qb3 Nc6 11. Be3 Nd4 12. Bxd4 Rxd4 13. Nc3 Qxc5 14. Ne3 Rb8 15. Rac1 Qb4 16. Qxb4 Rxb4 17. b3 Bd7 18. Rfd1 Be8 19. Nc4 b5 20. Ne5 h6 21. e3 Ng4 22. Nd3 a5 23. Nxb4 axb4 24. Ne4 f5 25. Nd6 Bh5 26. Rc8+ Rxc8 27. Nxc8 Bf6 28. Rd7 Ne5 29. Rb7 Be2 30. Nd6 Nd3 31. Rb8+ Kh7 32. Nxb5 Nc1 33. Nd4 Bd3 34. Rxb4 Nxa2 35. Rb7 e5 36. Ne6 e4 37. Bh3 Kg6 38. Nf4+ Kg5 39. Bf1 Bxf1 40. Kxf1 Nc3 41. b4 Kg4 42. Kg2 Kg5 43. b5 Be5 44. b6 1-0


[Site "https://www.chess.com"]

[Event "Titled Tuesday Blitz October 11 Late 2022"]
[White "Indjic, Aleksandar"]
[Black "Jaracz, Pawel"]
[WhiteFideId "911925"]
[BlackFideId "1102222"]
[WhiteElo "2592"]
[BlackElo "2459"]
[Result "1-0"]
[Round "05"]
[TimeControl "180+1"]
[Date "2022.10.11"]
[WhiteClock "0:00:15"]
[BlackClock "0:00:01"]

1. d4 Nf6 2. c4 e6 3. Nc3 Bb4 4. Qc2 c5 5. dxc5 O-O 6. a3 Bxc5 7. Nf3 b6 8. Bf4 Bb7 9. e3 Be7 10. Be2 d6 11. h3 a6 12. O-O-O Qc7 13. g4 Nc6 14. Rhg1 Na5 15. Nd2 Rac8 16. Kb1 e5 17. Bh2 b5 18. g5 Nd7 19. cxb5 axb5 20. Bxb5 Bc6 21. Bxc6 Qxc6 22. Nde4 Qb7 23. Ka2 Rc6 24. Rd5 Nc4 25. Rb5 Qa8 26. Nd5 Bd8 27. Qb3 Na5 28. Qd3 Qa6 29. Nb4 Qa8 30. Nxc6 Qxc6 31. Nxd6 Nc5 32. Rxc5 Qxc5 33. b4 Qc6 34. bxa5 Be7 35. Bxe5 Rd8 36. Rd1 Qf3 37. Rd2 Qxh3 38. a6 Qe6+ 39. Qb3 Qxe5 40. f4 1-0


[Site "https://www.chess.com"]

[Event "Titled Tuesday Blitz October 11 Late 2022"]
[White "Izuzquiza Gonzalez, Javier"]
[Black "Sabar, Ethmane Daouda"]
[WhiteFideId "3101029"]
[BlackFideId "19600097"]
[WhiteElo "2034"]
[BlackElo "1950"]
[Result "0-1"]
[Round "05"]
[TimeControl "180+1"]
[Date "2022.10.12"]
[WhiteClock "0:00:15"]
[BlackClock "0:01:19"]

1. d4 d5 2. c4 e5 3. dxe5 d4 4. Nf3 Nc6 5. a3 Bg4 6. Nbd2 Qe7 7. b4 O-O-O 8. Bb2 Nxe5 9. Nxe5 Qxe5 10. g3 Qe6 11. Bg2 d3 12. f3 dxe2 13. Qxe2 Qxe2+ 14. Kxe2 Bf5 15. Rad1 Bd3+ 16. Kf2 Nf6 17. Bh3+ Kb8 18. Nb3 Be7 19. Rhe1 Bxc4 20. Na5 Rxd1 21. Rxd1 Bb5 22. f4 b6 23. Nb3 Ba4 24. Rd3 Ne4+ 25. Ke3 Bc6 26. Nd4 Bb7 27. b5 Bc5 28. Ke2 Re8 29. Kd1 Nf2+ 0-1


[Site "https://www.chess.com"]

[Event "Titled Tuesday Blitz October 11 Late 2022"]
[White "Jacobson, Brandon"]
[Black "Slugin, Sergey"]
[WhiteFideId "30901561"]
[BlackFideId "4122569"]
[WhiteElo "2451"]
[BlackElo "2330"]
[Result "1-0"]
[Round "05"]
[TimeControl "180+1"]
[Date "2022.10.11"]
[WhiteClock "0:01:24"]
[BlackClock "0:00:05"]

1. Nf3 Nf6 2. b3 g6 3. Bb2 Bg7 4. g3 O-O 5. Bg2 d5 6. c4 c6 7. O-O Re8 8. d4 Bf5 9. e3 a5 10. Nc3 Ne4 11. Qe2 Nxc3 12. Bxc3 Be4 13. Rfd1 Nd7 14. Bf1 Nb6 15. Nd2 Bf5 16. e4 dxe4 17. Nxe4 Qc8 18. Bg2 Bg4 19. f3 Bf5 20. a4 Qc7 21. f4 Nd7 22. Rac1 Bxe4 23. Qxe4 Qb6 24. Qc2 e6 25. Bf3 Bf8 26. Kg2 Bg7 27. Rd3 Qc7 28. Qd2 Nf6 29. d5 exd5 30. cxd5 Rad8 31. Be5 Rxe5 32. fxe5 Qxe5 33. dxc6 Rxd3 34. Qxd3 bxc6 35. Rxc6 h5 36. Qc3 Qf5 37. Rc5 Nd5 38. Qc1 Bb2 39. Qd2 Nf4+ 40. gxf4 Qxc5 41. Qxb2 1-0


[Site "https://www.chess.com"]

[Event "Titled Tuesday Blitz October 11 Late 2022"]
[White "Jakubowski, Krzysztof"]
[Black "Tari, Aryan"]
[WhiteFideId "1112848"]
[BlackFideId "1510045"]
[WhiteElo "2373"]
[BlackElo "2612"]
[Result "0-1"]
[Round "05"]
[TimeControl "180+1"]
[Date "2022.10.12"]
[WhiteClock "0:00:38"]
[BlackClock "0:00:08"]

1. e4 c6 2. Nf3 d5 3. d3 Qc7 4. Nbd2 e5 5. g3 Nf6 6. Bg2 Bd6 7. O-O O-O 8. exd5 cxd5 9. c4 d4 10. Re1 Na6 11. a3 Nc5 12. Nb3 Nxb3 13. Qxb3 a5 14. Bg5 Nd7 15. Qc2 a4 16. Bd2 Nc5 17. Bb4 Ra7 18. Nd2 f5 19. Bd5+ Kh8 20. Nf3 b6 21. Qe2 e4 22. Nxd4 Bd7 23. dxe4 Be5 24. Nxf5 Bxf5 25. exf5 Bf6 26. Rad1 h6 27. Be6 Qc6 28. Bd5 Qc8 29. Qf3 Bxb2 30. g4 Bf6 31. Re2 Re8 32. Rde1 Rae7 33. Rxe7 Rxe7 34. Rxe7 Bxe7 35. Qe3 Bf6 36. Kg2 Kh7 37. f4 Qd8 38. Bxc5 bxc5 39. Qxc5 Qb8 40. Qe3 Qb2+ 41. Kf3 Bd4 42. Qd3 Qf2+ 43. Ke4 Bc5 44. f6 Qe1+ 45. Kf5 g6# 0-1


[Site "https://www.chess.com"]

[Event "Titled Tuesday Blitz October 11 Late 2022"]
[White "Janaszak, Dawid"]
[Black "Castella Garcia, Fausto"]
[WhiteFideId "1119206"]
[BlackFideId "3501922"]
[WhiteElo "2226"]
[BlackElo "2246"]
[Result "0-1"]
[Round "05"]
[TimeControl "180+1"]
[Date "2022.10.12"]
[WhiteClock "0:00:19"]
[BlackClock "0:00:18"]

1. e4 c5 2. Nc3 Nc6 3. Bb5 Nd4 4. Nf3 Nxb5 5. Nxb5 d5 6. exd5 a6 7. Nc3 Nf6 8. d4 Nxd5 9. O-O Bf5 10. Re1 e6 11. Bg5 Nxc3 12. bxc3 Qc7 13. Rb1 h6 14. Be3 Be7 15. dxc5 O-O 16. Nd4 Bg6 17. Qf3 Bxc5 18. Rxb7 Qa5 19. Rd1 Qxc3 20. Rc7 Rac8 21. Qb7 Rxc7 22. Qxc7 Bxd4 23. Qg3 Bxe3 24. fxe3 Qxc2 25. Rf1 Rd8 26. Qh4 Rd1 27. h3 Rxf1+ 28. Kxf1 Qd1+ 29. Kf2 Qc2+ 30. Kg1 Qxa2 31. Qd8+ Kh7 32. Qd4 Qd5 33. Qa1 a5 34. Kh2 Be4 35. h4 Bxg2 36. Kg3 Be4 37. Qa3 Qf5 38. h5 Qf3+ 39. Kh4 Bf5 0-1


[Site "https://www.chess.com"]

[Event "Titled Tuesday Blitz October 11 Late 2022"]
[White "Kamsky, Gata"]
[Black "Mamedov, Rauf"]
[WhiteFideId "2000024"]
[BlackFideId "13401653"]
[WhiteElo "2666"]
[BlackElo "2650"]
[Result "1/2-1/2"]
[Round "05"]
[TimeControl "180+1"]
[Date "2022.10.11"]
[WhiteClock "0:00:08"]
[BlackClock "0:00:19"]

1. e4 c5 2. Nf3 Nc6 3. d4 cxd4 4. Nxd4 g6 5. c4 Bg7 6. Be3 Qb6 7. Nb5 Qa5+ 8. N5c3 Nf6 9. Be2 Nxe4 10. O-O Nxc3 11. Nxc3 d6 12. Rc1 O-O 13. a3 Be6 14. Bd2 Rfc8 15. Nd5 Qd8 16. b4 Nd4 17. Bd3 b5 18. Bg5 Nc6 19. Be4 Bxd5 20. Bxd5 bxc4 21. Rxc4 Ne5 22. Rh4 Rab8 23. f4 Nd7 24. f5 Nf6 25. fxg6 hxg6 26. Qd3 Qb6+ 27. Be3 Qb5 28. Bc4 Qd7 29. Bg5 d5 30. Bxf6 Bxf6 31. Bxd5 Kg7 32. Rh3 Rc3 33. Rxf6 Rxd3 34. Rxf7+ Kg8 35. Rxd3 Qxd5 36. Rxd5 Kxf7 37. Ra5 Rb7 38. Kf2 Rc7 39. Ke3 Kf6 40. h4 e5 41. g3 Kf5 42. Rc5 Re7 43. b5 Rd7 44. a4 Rd4 45. a5 Ra4 46. b6 axb6 47. axb6 Rb4 48. Rc6 Rb3+ 49. Kf2 e4 50. Rc5+ Kf6 51. Rc6+ Kf5 52. Rc5+ Kf6 53. Rc6+ Kf5 1/2-1/2


[Site "https://www.chess.com"]

[Event "Titled Tuesday Blitz October 11 Late 2022"]
[White "Kanter, Eduard"]
[Black "Ismagilov, Damir"]
[WhiteFideId "4103963"]
[BlackFideId "34199982"]
[WhiteElo "2267"]
[BlackElo "2106"]
[Result "0-1"]
[Round "05"]
[TimeControl "180+1"]
[Date "2022.10.12"]
[WhiteClock "0:00:03"]
[BlackClock "0:00:13"]

1. d4 Nf6 2. c4 e6 3. Nf3 b6 4. a3 Bb7 5. Nc3 d5 6. cxd5 Nxd5 7. Bd2 Be7 8. Qc2 O-O 9. e4 Nxc3 10. Bxc3 c5 11. dxc5 Bxc5 12. Rd1 Qe8 13. b4 Be7 14. Bd3 Nc6 15. Qb2 f6 16. Bc4 Kh8 17. O-O e5 18. Bd5 Nd8 19. Nh4 Bxd5 20. Rxd5 Ne6 21. Nf5 Nf4 22. Rd2 Rd8 23. Rfd1 Rxd2 24. Qxd2 g6 25. Ne3 Qc6 26. g3 Qxc3 27. gxf4 Qxd2 28. Rxd2 exf4 29. Nd5 Rd8 30. Rc2 Bd6 31. Kg2 Be5 32. Rc6 Kg7 33. Kf3 g5 34. h3 h5 35. a4 Rd7 36. b5 Kf7 37. Rc8 Kg7 38. Rc6 Kh7 39. Rc8 Rg7 40. Rf8 g4+ 41. hxg4 hxg4+ 42. Kg2 Kg6 43. Ne7+ Kg5 44. Nf5 Rh7 45. Rg8+ Kh5 46. Ng7+ Kg6 47. Nf5+ Kf7 48. Rxg4 Ke6 49. Rh4 Rxh4 50. Nxh4 Kd6 51. Kf3 Kc5 52. Ng6 Kb4 53. Nxf4 Kxa4 54. Nd3 Kxb5 55. Ke3 a5 56. f4 Bc3 57. Nc1 a4 58. Kd3 Bb2 59. Na2 Kc5 60. Kc2 Bd4 61. Kd3 b5 62. Kc2 b4 63. f5 b3+ 64. Kb1 bxa2+ 65. Kxa2 Kd6 66. Ka3 Ke5 67. Kxa4 Kxe4 68. Kb3 Kxf5 0-1


[Site "https://www.chess.com"]

[Event "Titled Tuesday Blitz October 11 Late 2022"]
[White "Kollars, Dmitrij"]
[Black "Sarana, Alexey"]
[WhiteFideId "12909572"]
[BlackFideId "24133795"]
[WhiteElo "2584"]
[BlackElo "2689"]
[Result "0-1"]
[Round "05"]
[TimeControl "180+1"]
[Date "2022.10.11"]
[WhiteClock "0:00:01"]
[BlackClock "0:00:03"]

1. Nf3 d5 2. g3 g6 3. Bg2 Bg7 4. d4 c6 5. O-O Nf6 6. c4 dxc4 7. a4 Be6 8. Qc2 Na6 9. Bd2 Bd5 10. Na3 Ne4 11. Nxc4 Nxd2 12. Ncxd2 Nb4 13. Qc3 a5 14. Ne5 O-O 15. Bxd5 cxd5 16. Qb3 Rc8 17. Rfc1 Qb6 18. Ndf3 Rfd8 19. e3 e6 20. Rc3 Rc7 21. Rac1 Rdc8 22. Nd3 Bf8 23. Nfe5 f6 24. Nf3 Rc6 25. Nfe1 Qa6 26. Nxb4 Bxb4 27. Rxc6 Rxc6 28. Rxc6 Qxc6 29. Nd3 Bd6 30. Kf1 g5 31. h3 h5 32. g4 h4 33. Ke2 Kf7 34. Kd2 Ke7 35. Qc2 Qb6 36. b3 Kd7 37. Qc3 Be7 38. Nc5+ Bxc5 39. dxc5 Qb4 40. Kd3 e5 0-1


[Site "https://www.chess.com"]

[Event "Titled Tuesday Blitz October 11 Late 2022"]
[White "Kostiukov, Alexandr"]
[Black "Kovanova, Baira"]
[WhiteFideId "14108100"]
[BlackFideId "4164083"]
[WhiteElo "2202"]
[BlackElo "2217"]
[Result "1-0"]
[Round "05"]
[TimeControl "180+1"]
[Date "2022.10.12"]
[WhiteClock "0:00:21"]
[BlackClock "0:00:03"]

1. g3 d5 2. Bg2 e5 3. c4 c6 4. cxd5 cxd5 5. d4 e4 6. Nc3 Nf6 7. Bg5 Be7 8. Nh3 O-O 9. Nf4 Nc6 10. e3 Be6 11. O-O h6 12. Bxf6 Bxf6 13. f3 exf3 14. Qxf3 Bg5 15. Ncxd5 Bxd5 16. Nxd5 Qd7 17. h4 Bd8 18. Kh2 Ne7 19. Nxe7+ Qxe7 20. Qxb7 Bc7 21. Qe4 Qd6 22. Qg4 Rae8 23. Rf3 f5 24. Qh3 Re4 25. Raf1 Qe7 26. Rxf5 Rxh4 27. Rxf8+ Kh7 28. R1f3 Rxh3+ 29. Bxh3 Qb4 30. Rf2 Qd6 31. R8f3 h5 32. Kg2 g5 33. Bf5+ Kg7 34. Bd3 h4 35. Rf7+ Kg8 36. Rf8+ Qxf8 37. Rxf8+ Kxf8 38. gxh4 gxh4 39. e4 Bg3 40. Kf3 Ke7 41. e5 Ke6 42. Ke4 h3 43. Bf1 h2 44. Bh3+ Ke7 45. Bg2 Bf2 46. d5 Bg3 47. b4 Be1 48. b5 Ba5 49. Kf5 Bc3 50. d6+ Kd7 51. Bc6+ Kd8 52. e6 1-0


[Site "https://www.chess.com"]

[Event "Titled Tuesday Blitz October 11 Late 2022"]
[White "Kouskoutis, Georgios-Alexandros"]
[Black "Har-Zvi, Ronen"]
[WhiteFideId "4234049"]
[BlackFideId "2801485"]
[WhiteElo "2187"]
[BlackElo "2523"]
[Result "1-0"]
[Round "05"]
[TimeControl "180+1"]
[Date "2022.10.12"]
[WhiteClock "0:00:14"]
[BlackClock "0:00:57"]

1. c4 c6 2. g3 d5 3. Bg2 Nf6 4. Nf3 Bf5 5. Qb3 Qb6 6. d3 e6 7. Be3 Qxb3 8. axb3 a6 9. Nh4 Bg6 10. h3 Nbd7 11. O-O Be7 12. f4 Nh5 13. Nxg6 hxg6 14. g4 Nhf6 15. Nd2 Bc5 16. Bxc5 Nxc5 17. b4 Ncd7 18. b3 Ke7 19. Kf2 Rhd8 20. d4 Ne8 21. e4 dxe4 22. Nxe4 Ndf6 23. Rfd1 Nxe4+ 24. Bxe4 Nf6 25. Bf3 Rd6 26. b5 cxb5 27. Bxb7 Rb8 28. c5 Rdd8 29. Bf3 Nd7 30. b4 1-0


[Site "https://www.chess.com"]

[Event "Titled Tuesday Blitz October 11 Late 2022"]
[White "Koziorowicz, Michal"]
[Black "Mekhane, Adam"]
[WhiteFideId "21809194"]
[BlackFideId "36050601"]
[WhiteElo "2220"]
[BlackElo "2175"]
[Result "1-0"]
[Round "05"]
[TimeControl "180+1"]
[Date "2022.10.11"]
[WhiteClock "0:01:42"]
[BlackClock "0:00:39"]

1. Nc3 Nf6 2. e4 e5 3. Bc4 Bc5 4. d3 O-O 5. f4 exf4 6. Bxf4 Re8 7. Nge2 c6 8. d4 Bb4 9. e5 Ne4 10. O-O Nxc3 11. bxc3 Be7 12. Ng3 Rf8 13. Ne4 d5 14. exd6 Bf6 15. Qh5 g6 16. Qf3 Bf5 17. Be5 Bxe4 18. Qxe4 Nd7 19. Bxf6 Nxf6 20. Qe7 Nd5 21. Bxd5 cxd5 22. Rae1 Re8 23. Qxf7+ Kh8 24. d7 Rf8 25. Qxf8+ Qxf8 26. Rxf8+ 1-0


[Site "https://www.chess.com"]

[Event "Titled Tuesday Blitz October 11 Late 2022"]
[White "Kravtsiv, Martyn"]
[Black "Ambartsumova, Karina"]
[WhiteFideId "14113147"]
[BlackFideId "4166299"]
[WhiteElo "2694"]
[BlackElo "2299"]
[Result "1-0"]
[Round "05"]
[TimeControl "180+1"]
[Date "2022.10.12"]
[WhiteClock "0:00:13"]
[BlackClock "0:00:02"]

1. e4 e5 2. Nf3 Nc6 3. Nc3 Nf6 4. a4 Be7 5. d4 exd4 6. Nxd4 Bb4 7. Nxc6 bxc6 8. Bd3 O-O 9. O-O d5 10. exd5 cxd5 11. Qf3 c6 12. h3 Rb8 13. Ne2 Bd6 14. Nd4 Qc7 15. Re1 Bd7 16. b3 Rfe8 17. Bb2 Be5 18. Rab1 c5 19. Nb5 Bxb5 20. Bxb5 Re6 21. Bxe5 Rxe5 22. Re2 Rb6 23. Qf4 Rbe6 24. Rbe1 Rxe2 25. Qxc7 Rxe1+ 26. Kh2 h5 27. Qxa7 Ne4 28. Bd3 Nxf2 29. Qxc5 Nxd3 30. cxd3 R6e5 31. a5 Ra1 32. a6 Ree1 33. h4 Rh1+ 34. Kg3 Rhd1 35. a7 Rxd3+ 36. Kh2 Rxb3 37. Qc8+ Kh7 38. a8=Q Rxa8 39. Qxa8 Rb4 40. Kh3 Rg4 41. Qxd5 Kg6 42. Qd6+ Kh7 43. Qe7 Kg6 44. Qd8 1-0


[Site "https://www.chess.com"]

[Event "Titled Tuesday Blitz October 11 Late 2022"]
[White "Krstic, Milos"]
[Black "Horobetz, Graham"]
[WhiteFideId "954888"]
[BlackFideId "2047322"]
[WhiteElo "2194"]
[BlackElo "2556"]
[Result "1-0"]
[Round "05"]
[TimeControl "180+1"]
[Date "2022.10.12"]
[WhiteClock "0:00:04"]
[BlackClock "0:00:06"]

1. e4 c5 2. Nf3 d6 3. d4 cxd4 4. Nxd4 Nf6 5. Nc3 a6 6. h3 e5 7. Nde2 h5 8. g3 Be6 9. Bg2 Be7 10. O-O Nbd7 11. Be3 Rc8 12. a4 Qc7 13. a5 Qc6 14. Rc1 Nc5 15. Nd5 Ncxe4 16. Nxe7 Kxe7 17. c4 Bxc4 18. Re1 Qb5 19. Nc3 Nxc3 20. Rxc3 Bd5 21. Bf1 Qxb2 22. Rd3 Rhd8 23. Rxd5 Nxd5 24. Qxd5 Qb4 25. Rd1 Rc6 26. Bd3 g6 27. Bg5+ f6 28. Bxg6 Qc4 29. Qxc4 Rxc4 30. Be3 d5 31. Bxh5 d4 32. Bd2 Ra4 33. Bf3 Rc8 34. Bxb7 Rc2 35. Bxa6 Raa2 36. Be1 Ke6 37. Bd3 Rcb2 38. Bc4+ Kf5 39. Bxa2 Rxa2 40. g4+ Ke4 41. Kg2 d3 42. h4 Kf4 43. h5 Kxg4 44. h6 Rb2 45. a6 Rb8 46. Bd2 Kf5 47. Be3 Kg6 48. a7 Ra8 49. Rb1 f5 50. Kf1 f4 51. Bc5 e4 52. Rb8 f3 53. Rxa8 d2 54. Rd8 1-0


[Site "https://www.chess.com"]

[Event "Titled Tuesday Blitz October 11 Late 2022"]
[White "Krzywda, Andrzej"]
[Black "Onslow, Alfie"]
[WhiteFideId "1114565"]
[BlackFideId "436976"]
[WhiteElo "2149"]
[BlackElo "2015"]
[Result "0-1"]
[Round "05"]
[TimeControl "180+1"]
[Date "2022.10.12"]
[WhiteClock "0:00:03"]
[BlackClock "0:00:13"]

1. e4 g6 2. d4 Bg7 3. Nf3 c6 4. Nc3 d5 5. h3 dxe4 6. Nxe4 Nf6 7. Bd3 O-O 8. c3 Nxe4 9. Bxe4 Nd7 10. O-O e5 11. dxe5 Nxe5 12. Nxe5 Bxe5 13. Bh6 Bg7 14. Bxg7 Kxg7 15. Re1 Qg5 16. Qd4+ Kg8 17. Qe3 Qxe3 18. Rxe3 Be6 19. b3 Rfd8 20. Re2 Rd6 21. Bf3 Rad8 22. Rae1 a5 23. c4 Rd2 24. h4 Kg7 25. g3 Kf6 26. Kg2 a4 27. g4 h6 28. Kg3 R8d3 29. Rxd2 Rxd2 30. Re2 Rd3 31. Re3 Rd2 32. Re2 Rd3 33. Re3 Rxe3 34. fxe3 Ke5 35. Kf2 g5 36. hxg5 hxg5 37. Ke2 f5 38. gxf5 Bxf5 39. bxa4 g4 40. Bg2 Be4 41. Kf2 Bxg2 42. Kxg2 Ke4 43. Kg3 Kxe3 44. Kxg4 Kd4 45. Kf4 Kxc4 46. Ke4 c5 47. Ke5 Kd3 48. Kd6 c4 49. Kc7 c3 50. Kxb7 c2 51. a5 c1=Q 52. a6 Qb2+ 53. Ka8 Kc4 54. a4 Kc5 0-1


[Site "https://www.chess.com"]